Map: Beckett Industries LE

Players

maru

  • Race: Terran Terran

Reynor - Winner!

  • Race: Zerg Zerg

Event: DreamHack SC2 Masters 2021 Summer

VOD

Have the link to the VOD?

Description

Time

  • Played on: July 4, 2021, 1:26 p.m.
  • Length: 12:33

All games in this series

Show
View Real Time Build Order
Export as new Build Order

maru Terran 

Build Orders:  

Get SALT Encoding   

  12  0:00  SCV  
  13  0:12  SCV  
  14  0:17  Supply Depot  
  14  0:24  SCV  
  15  0:39  Barracks  
  15  0:50  Barracks  
  15  0:54  SCV  
  16  1:06  SCV  
  16  1:08  Refinery  
  17  1:18  SCV  
  18  1:26  Marine  
  18  1:31  Orbital Command  
  19  1:33  Supply Depot  
  19  1:36  Marine  
  20  1:44  Marine  
  21  1:51  Bunker  
  21  1:54  Marine  
  21  1:59  SCV  
  23  2:06  Bunker  
  23  2:08  Marine  
  24  2:11  SCV  
  24  2:12  Marine  
  22  2:23  SCV  
  22  2:25  Marine  
  22  2:30  Factory  
  22  2:31  Marine  
  22  2:35  SCV  
  23  2:44  Marine  
  23  2:47  SCV  
  23  2:48  Marine  
  25  2:57  Command Center  
  25  3:01  SCV  
  25  3:05  Marine  
  26  3:06  Marine  
  28  3:13  Hellion  
  28  3:19  Supply Depot  
  30  3:22  SCV  
  31  3:28  Starport  
  31  3:34  Refinery  
  31  3:40  SCV, Factory Reactor  
  32  3:52  SCV  
  33  4:05  SCV  
  33  4:07  Medivac  
  36  4:10  Orbital Command  
  36  4:14  Armory  
  36  4:18  Hellion x2  
  36  4:20  SCV  
  41  4:29  Orbital Command  
  41  4:32  SCV  
  41  4:39  Hellion  
  41  4:40  Hellion  
  41  4:43  Starport Tech Lab  
  41  4:44  SCV  
  46  4:54  SCV  
  46  4:56  SCV  
  48  5:04  Supply Depot  
  48  5:05  Hellion x2  
  52  5:07  Barracks Tech Lab  
  52  5:11  Cloaking Field  
  52  5:17  SCV  
  52  5:21  SCV  
  53  5:22  Banshee  
  53  5:26  Hellion  
  51  5:29  SCV  
  51  5:33  SCV  
  50  5:41  SCV  
  49  5:45  SCV  
  44  5:53  SCV  
  37  5:57  SCV  
  40  6:06  SCV  
  40  6:08  Banshee  
  40  6:09  SCV  
  47  6:17  Command Center  
  47  6:18  SCV  
  44  6:21  SCV  
  44  6:24  Supply Depot  
  45  6:26  Stimpack  
  45  6:30  SCV  
  46  6:33  SCV  
  46  6:35  Supply Depot  
  47  6:42  SCV  
  47  6:44  Barracks  
  47  6:45  SCV, Barracks  
  49  6:54  SCV  
  49  6:57  SCV  
  49  6:58  Engineering Bay x2  
  51  7:01  Supply Depot  
  51  7:03  Starport Reactor, Siege Tank  
  51  7:04  Marine  
  51  7:06  SCV  
  56  7:10  SCV  
  56  7:13  Refinery  
  57  7:18  SCV  
  57  7:22  SCV  
  59  7:24  Barracks  
  59  7:25  Barracks  
  59  7:30  SCV  
  59  7:34  SCV  
  59  7:35  Terran Infantry Armor Level 1, Terran Infantry Weapons Level 1  
  61  7:40  Barracks Reactor, Siege Tank  
  61  7:41  Barracks Reactor  
  61  7:42  SCV  
  61  7:43  Orbital Command  
  65  7:46  SCV, Marine  
  65  7:51  Refinery  
  67  7:54  SCV  
  67  7:55  Medivac  
  67  7:56  Medivac  
  67  7:58  SCV  
  73  8:03  Orbital Command  
  73  8:05  Marine  
  73  8:10  SCV  
  75  8:14  Barracks Reactor  
  75  8:16  Marine x2  
  75  8:18  SCV  
  78  8:22  SCV, Supply Depot  
  78  8:23  Marine  
  78  8:24  Siege Tank  
  83  8:29  Marine x4  
  83  8:30  SCV, Combat Shield  
  83  8:33  SCV  
  89  8:34  SCV  
  90  8:42  SCV  
  90  8:43  Marine x3, Supply Depot  
  90  8:44  Supply Depot  
  90  8:45  SCV  
  90  8:46  SCV  
  90  8:47  Marine, Supply Depot  
  97  8:52  Medivac x2  
  97  8:54  SCV  
  102  8:57  SCV  
  102  8:59  SCV  
  104  9:06  SCV  
  104  9:09  SCV  
  106  9:10  Refinery  
  106  9:11  SCV, Marine x7  
  106  9:12  Refinery  
  106  9:13  Supply Depot  
  114  9:18  SCV  
  114  9:21  Missile Turret  
  114  9:22  Missile Turret  
  114  9:23  SCV  
  114  9:24  Missile Turret  
  113  9:30  Marine x6  
  113  9:31  Marine x3  
  121  9:32  SCV x2  
  124  9:46  Command Center, Terran Vehicle Weapons Level 1  
  124  9:48  Marine, Siege Tank  
  124  9:50  Factory  
  128  9:54  Medivac x2  
  128  9:57  Terran Infantry Weapons Level 2, Supply Depot  
  132  10:00  Terran Infantry Armor Level 2  
  132  10:10  Marine  
  133  10:15  Marine x4  
  133  10:16  Marine x3  
  133  10:19  Supply Depot  
  133  10:20  Thor, Supply Depot  
  146  10:39  Factory Tech Lab  
  146  10:46  Barracks  
  146  10:47  Barracks x2  
  146  10:49  Missile Turret  
  143  10:50  Missile Turret  
  143  10:51  Missile Turret  
  143  10:52  Sensor Tower  
  143  10:53  Marauder, Marine  
  146  10:59  Thor  
  146  11:03  Siege Tank  
  155  11:06  Supply Depot  
  155  11:07  Armory  
  152  11:21  Orbital Command  
  152  11:25  SCV  
  149  11:27  SCV  
  148  11:35  Siege Tank  
  148  11:38  SCV  
  148  11:39  SCV  
  121  11:41  Marine x5  
  121  11:42  Siege Tank  
  122  11:50  SCV  
  122  11:51  SCV  
  122  11:53  Barracks Tech Lab x3  
  122  11:54  SCV  
  125  11:59  Missile Turret  
  125  12:00  Missile Turret  
  125  12:02  SCV  
  125  12:03  SCV  
  125  12:06  SCV  
  131  12:14  SCV, Sensor Tower  
  131  12:15  SCV  
Show
View Real Time Build Order
Export as new Build Order

Reynor Zerg - Winner!

Build Orders: Pool First, Muta Ling Bane 

Get SALT Encoding   

  12  0:00  Drone  
  13  0:12  Overlord  
  13  0:17  Drone  
  14  0:30  Drone x2  
  14  0:33  Drone  
  17  0:44  Spawning Pool  
  17  0:47  Drone  
  17  1:07  Hatchery  
  17  1:09  Drone  
  17  1:15  Drone  
  18  1:32  Queen, Zergling x2  
  20  1:33  Overlord  
  20  1:38  Zergling x2  
  22  1:52  Zergling x2  
  23  2:01  Zergling x2  
  24  2:09  Queen  
  26  2:20  Drone x2  
  26  2:22  Drone  
  27  2:30  Drone  
  27  2:32  Drone  
  29  2:39  Overlord  
  29  2:40  Drone  
  29  2:41  Drone  
  30  2:45  Drone  
  30  2:46  Drone  
  32  2:53  Extractor  
  32  2:55  Queen  
  32  2:58  Drone  
  34  3:00  Drone  
  34  3:02  Drone  
  37  3:05  Drone  
  37  3:13  Drone  
  37  3:18  Drone  
  37  3:19  Drone x2  
  41  3:20  Overlord  
  41  3:24  Drone  
  42  3:30  Drone  
  43  3:40  Overlord  
  44  3:41  Queen, Zergling x2  
  44  3:45  Overlord  
  46  3:57  Hatchery, Metabolic Boost  
  46  4:01  Drone x3  
  46  4:02  Zergling x2  
  49  4:06  Queen  
  49  4:09  Drone x3  
  54  4:10  Drone  
  55  4:17  Zergling x2  
  55  4:18  Zergling x2  
  55  4:22  Overlord  
  57  4:33  Drone x3  
  57  4:35  Overlord  
  59  4:39  Extractor  
  59  4:40  Queen, Baneling Nest  
  59  4:41  Drone  
  59  4:44  Queen  
  62  4:47  Zergling x4  
  62  4:49  Overlord  
  62  4:51  Zergling x4  
  66  4:56  Zergling x2  
  66  4:59  Zergling x2  
  68  5:05  Overlord  
  68  5:09  Queen, Zergling x2  
  68  5:11  Zergling x2  
  72  5:14  Zergling x4  
  72  5:17  Overlord  
  72  5:18  Drone  
  75  5:34  Drone x4  
  75  5:35  Drone x3  
  78  5:39  Queen  
  75  5:44  Zergling x10  
  71  5:50  Zergling x2  
  71  5:51  Zergling x6  
  71  5:52  Overlord  
  71  5:53  Drone  
  71  5:55  Drone  
  71  5:56  Lair  
  71  5:57  Spore Crawler x2  
  71  5:58  Zergling x4  
  71  6:00  Drone  
  71  6:01  Drone  
  71  6:03  Baneling x3  
  73  6:08  Drone  
  73  6:09  Drone, Queen, Spore Crawler  
  76  6:12  Zergling x2  
  76  6:18  Drone  
  78  6:19  Drone x3  
  78  6:20  Drone  
  78  6:21  Queen  
  78  6:24  Drone  
  85  6:27  Baneling x2  
  85  6:30  Overlord  
  85  6:31  Evolution Chamber  
  85  6:32  Drone  
  85  6:33  Drone x2  
  85  6:35  Drone, Evolution Chamber  
  85  6:36  Drone  
  88  6:42  Overlord  
  88  6:43  Extractor  
  87  6:48  Drone x2  
  87  6:51  Queen  
  87  6:53  Overlord  
  87  6:54  Overseer, Overlord x2  
  91  6:55  Drone  
  91  6:57  Centrifical Hooks  
  91  6:58  Queen  
  91  7:00  Overseer  
  94  7:09  Drone x2  
  94  7:11  Extractor  
  94  7:12  Drone x2  
  94  7:13  Extractor  
  94  7:14  Zerg Melee Weapons Level 1  
  96  7:17  Hatchery  
  96  7:19  Zerg Ground Armor Level 1  
  95  7:29  Drone  
  95  7:31  Extractor, Spire  
  95  7:36  Zergling x22  
  104  7:41  Overlord  
  104  7:45  Queen  
  104  7:47  Drone  
  104  7:49  Drone  
  108  7:57  Drone x7  
  115  7:58  Drone  
  116  8:06  Overlord  
  116  8:07  Zergling x2  
  116  8:09  Zergling x2  
  116  8:11  Baneling x5  
  118  8:14  Zergling x2  
  118  8:15  Zergling x2  
  120  8:22  Zergling x4  
  120  8:23  Zergling x8  
  126  8:35  Drone  
  126  8:37  Pneumatized Carapace  
  126  8:38  Spore Crawler  
  126  8:42  Mutalisk x8  
  126  8:46  Drone  
  126  8:47  Drone x2  
  126  8:48  Drone  
  146  8:50  Drone x2, Hatchery, Mutalisk  
  146  8:53  Drone x5  
  146  8:54  Extractor x2  
  152  8:55  Overlord  
  152  8:57  Zerg Flyer Weapons Level 1  
  152  8:59  Drone  
  150  9:03  Drone  
  150  9:04  Drone x3  
  150  9:06  Mutalisk  
  150  9:08  Drone x2  
  157  9:13  Overlord  
  157  9:17  Zerg Ground Armor Level 2  
  157  9:22  Zergling x16  
  165  9:26  Drone x2  
  165  9:28  Spore Crawler  
  165  9:29  Zerg Melee Weapons Level 2, Spore Crawler, Overlord  
  165  9:37  Mutalisk x2  
  169  9:39  Overlord  
  169  9:40  Zergling x2  
  169  9:41  Zergling x10  
  169  9:43  Overseer  
  175  9:54  Hatchery  
  175  9:57  Overlord  
  175  9:59  Mutalisk x2  
  174  10:00  Mutalisk, Infestation Pit  
  174  10:06  Mutalisk  
  181  10:08  Hatchery  
  181  10:12  Zergling x20  
  190  10:17  Drone x5  
  190  10:18  Drone x3  
  198  10:23  Overseer  
  198  10:37  Overlord  
  197  10:45  Hive  
  197  10:49  Drone x2  
  198  10:50  Spore Crawler  
  198  10:54  Baneling x16  
  197  11:05  Baneling x15  
  193  11:24  Zergling x10  
  193  11:25  Zergling x4  
  192  11:35  Zergling x12  
  192  11:36  Zergling x40  
  192  11:39  Mutalisk x6  
  193  11:40  Mutalisk  
  193  11:42  Zergling x2  
  193  11:47  Drone x3  
  199  11:54  Baneling  
  199  11:55  Baneling x15  
  199  12:06  Baneling x5  
  199  12:07  Spore Crawler  
Tags
 
Add a new tag
Caveats
  • Supply blocks, unpowered buildings, or Contaminate may cause inaccurate times.
  • Supply counts are checked every 10 seconds.